 Dungeon Crawl Stone Soup version 0.25-a0-734-g73332aeda9 (webtiles) character file.

Game seed: 3728760430999623436, levelgen mode: classic

26 Amnesiac the Chiller (level 3, -3/26 HPs)
             Began as a Ghoul Ice Elementalist on Apr 10, 2020.
             Killed from afar by an orc wizard (8 damage)
             ... with a puff of flame
             ... on level 4 of the Dungeon.
             The game lasted 00:01:36 (912 turns).

Amnesiac the Chiller (Ghoul Ice Elementalist)        Turns: 912, Time: 00:01:36

Health: -3/26      AC:  2    Str: 11    XL:     3   Next: 8%
Magic:  3/5        EV: 12    Int: 11    God:
Gold:   130        SH:  0    Dex:  9    Spells: 2/6 levels left

rFire    . . .     SeeInvis .   (no weapon)
rCold    + . .     Gourm    .   (no shield)
rNeg     + + +     Faith    .   a - +0 robe
rPois    ∞         Spirit   .   (no helmet)
rElec    .         Reflect  .   (no cloak)
rCorr    .         Harm     .   (no gloves)
MR       .....                  (no boots)
Stlth    +.........             (no amulet)
HPRegen  0.00/turn              (no ring)
MPRegen  0.09/turn              (no ring)

@: confused, very slightly contaminated, rotting
A: rotting body, claws 1, carnivore, cold resistance 1, negative energy
resistance 3, inhibited regeneration, torment resistance, unbreathing
a: no special abilities


You were on level 4 of the Dungeon.
You were not hungry.

You visited 1 branch of the dungeon, and saw 5 of its levels.

You collected 130 gold pieces.

Inventory:

Missiles
 i - 35 poisoned darts (quivered)
Armour
 a - a +0 robe (worn)
Jewellery
 g - a +5 ring of strength
 j - a cursed -2 ring of evasion {unknown}
Scrolls
 d - 3 scrolls of identify {!r, unknown}
Potions
 b - a potion of stabbing {!q, unknown}
 e - a potion of ambrosia {!q, unknown}
 h - 3 potions of heal wounds {!q, unknown}
 k - a potion of might {!q, unknown}
Comestibles
 c - 2 rations
 f - 4 chunks of flesh


   Skills:
 - Level 1.7 Dodging
 - Level 2.1 Stealth
 + Level 2.2 Spellcasting
 * Level 5.1 Ice Magic


You had 2 spell levels left.
You knew the following spells:

 Your Spells              Type           Power        Failure   Level  Hunger
a - Freeze                Ice            ##..         3%          1    ##.....
b - Frozen Ramparts       Ice            ##....       11%         3    ####...

Your spell library contained the following spells:

 Spells                   Type           Power        Failure   Level  Hunger
 Ozocubu's Armour         Chrm/Ice       #.......     30%         3    ####...
 Hailstorm                Conj/Ice       #.......     69%         4    #####..
 Summon Ice Beast         Ice/Summ       #.......     69%         4    #####..


Dungeon Overview and Level Annotations

Branches:
Dungeon (5/15)
 Temple: D:4-7

Altars:
Xom

Annotations:
D:4 exclusion: downstairs
D:5 Prince Ribbit


Innate Abilities, Weirdness & Mutations

Your body is rotting away.
You thrive on raw meat.
You are immune to poison.
You have sharp fingernails.
You are carnivorous and can eat meat at any time.
Your flesh is cold resistant. (rC+)
You are immune to negative energy. (rN+++)
You do not regenerate when monsters are visible.
You are immune to unholy pain and torment.
You can survive without breathing.


Message History

Reduced exclusion size to a single square.
You start resting.
Magic restored.
Eating one of 5 chunks of flesh.
You eat one of the 5 chunks of flesh.
This raw flesh tastes great!
A gnoll comes into view.
The gnoll shouts!
You hear a shout! x3
A gnoll comes into view. It is wielding a +0 spear.
A gnoll and a phantom come into view.
An orc comes into view. It is wielding a +0 club.
The gnoll moves out of view.
A gnoll and an orc come into view.
The orc shouts!
You hear a shout!
An orc comes into view. It is wielding a +0 hand axe.
A frilled lizard comes into view.
The gnoll moves out of view.
The orc shouts!
Casting: Freeze (safe; 3% risk of failure)
Confirm with . or Enter, or press ? or * to list all spells.
You miscast Frozen Ramparts.
You are very lightly contaminated with residual magic.
A chill runs through your body. The gnoll hits you!
Casting: Frozen Ramparts (safe; 11% risk of failure)
Confirm with . or Enter, or press ? or * to list all spells.
You don't have enough magic to cast that spell.
The phantom blinks!
The gnoll misses you. The gnoll closely misses you.
Casting: Frozen Ramparts (safe; 11% risk of failure)
Confirm with . or Enter, or press ? or * to list all spells.
You don't have enough magic to cast that spell.
An orc wizard comes into view.
It is wielding a +0 dagger and wearing a +1 robe of fire resistance.
The orc wizard shouts!
The gnoll shouts!
You hear an angry hiss.
The orc wizard mumbles some strange words.
The orc wizard seems to speed up.
Casting: Frozen Ramparts (safe; 11% risk of failure)
Confirm with . or Enter, or press ? or * to list all spells.
You don't have enough magic to cast that spell.
An orc wizard comes into view. It is wielding a +0 dagger.
Casting: Frozen Ramparts (safe; 11% risk of failure)
Confirm with . or Enter, or press ? or * to list all spells.
You don't have enough magic to cast that spell.
The orc shouts!
The orc wizard hits you with a +0 dagger.
The gnoll barely misses you.
The orc wizard hits you with a +0 dagger.
Casting: Frozen Ramparts (safe; 11% risk of failure)
Confirm with . or Enter, or press ? or * to list all spells.
You don't have enough magic to cast that spell.
The orc wizard shouts!
You hear a shout! x3
An orc wizard comes into view. It is wielding a +0 dagger.
You hear a shout!
The orc wizard points at you and mumbles some strange words.
You are confused.
The orc wizard hits you with a +0 dagger.
* * * LOW HITPOINT WARNING * * *
You're too confused to cast spells.
You're too confused to move!
The gnoll hits you from afar with a +0 spear.
* * * LOW HITPOINT WARNING * * *
The orc wizard hits you with a +0 dagger.
* * * LOW HITPOINT WARNING * * *
The orc wizard casts a spell at you. The puff of flame hits you!
You die...

##.W...#
##..###.#
##...###§####
#......#....#
#.......####.#
#......gg...#.#
.o.......g#...#
..##..lo#####
#...o@.#
#..#o#.#
#....#.#
...#....#
#.......##
#...#.o.
#...###.. .#


You could see 3 orc wizards, 3 gnolls, an orc and a frilled lizard.

Vanquished Creatures
  An ooze (D:1)
  2 leopard geckos
  2 hobgoblins (D:2)
  A quokka (D:2)
  4 bats (D:1)
  A frilled lizard (D:1)
  4 goblins
  4 kobolds (D:1)
  2 rats (D:1)
21 creatures vanquished.

Notes
Turn   | Place    | Note
-------+----------+-------------------------------------------
     0 | D:1      | Amnesiac the Ghoul Ice Elementalist began the quest for the
                  | Orb.
     0 | D:1      | Reached XP level 1. HP: 14/14 MP: 2/2
   111 | D:1      | Reached XP level 2. HP: 2/20 MP: 0/4
   762 | D:2      | Reached skill level 5 in Ice Magic
   843 | D:3      | Reached XP level 3. HP: 14/26 MP: 3/5
   851 | D:3      | Learned a level 3 spell: Frozen Ramparts
   851 | D:3      | Found a shimmering altar of Xom.
   869 | D:5      | Entered Level 5 of the Dungeon
   869 | D:5      | Noticed Prince Ribbit
   894 | D:4      | Noticed a phantom
   912 | D:4      | Killed from afar by an orc wizard

Levels and vault maps discovered:
D:1:      eino_arrival_cavern_b, layout_rooms, chequers_serial_rivers_large_b
D:2:      layout_loops_cross, first_ration
D:3:      layout_loops_ring, lemuel_crystal_altar, grunt_temple_overflow_open,
          gammafunk_ghost_grave, uniq_robin
D:4:      layout_basic, kiku_gazebo_pond_becter, old_standard_altar,
          wad_orctagon, uniq_pikel
D:5:      layout_loops_ring, kennysheep_mini, minmay_temple_entry_trees,
          serial_co_window_serial, co_window_corner_a,
          co_window_of_opportunity_a, co_window_paths_b, co_window_paths_a,
          co_window_paths_b, co_window_cross_3, co_window_of_opportunity_b,
          co_window_corner_b, co_window_broadway_b, co_window_2corner,
          glass_columns_c, glass_columns_b, glass_columns_c, uniq_prince_ribbit1

Skill      XL: |  1  2 |
---------------+-------+-----
Spellcasting   | 2 |  2.2
Ice Magic      | 5 |  5.1
Dodging        | |  1.7
Stealth        | |  2.1

Action                   || total
-------------------------++-------
Melee: Unarmed           ||    16
 Cast: Freeze            ||    29
  Eat: Chunk             ||     5
Armor: Robe              ||     2
Dodge: Dodged            ||    35

Table legend:
 A = Non-vault XP
 B = Vault XP
 C = Vault XP percentage of total XP
 D = Non-vault monster count
 E = Vault monster count
 F = Vault count percentage of total count
                 A         B        C        D         E       F
            +---------+---------+-------+---------+---------+-------
      Total |      38 |       0 |   0.0 |      21 |       0 |   0.0
            +---------+---------+-------+---------+---------+-------
        D:1 |      20 |       0 |   0.0 |      13 |       0 |   0.0
        D:2 |      11 |       0 |   0.0 |       5 |       0 |   0.0
        D:3 |       7 |       0 |   0.0 |       3 |       0 |   0.0
            +---------+---------+-------+---------+---------+-------
